 Dungeon Crawl Stone Soup version 0.27.1-2-g3b301248ec (webtiles) character file.

Game seed: 7206880094765158476

38075 Borgoz the Basher (level 14, -13/92 HPs)
             Began as a Gargoyle Berserker on Sept 26, 2021.
             Was a Priest of Trog.
             Collided with an ogre (16 damage)
             ... caused by a wretched star
             ... on level 3 of the Abyss.
             The game lasted 00:26:18 (17610 turns).

Borgoz the Basher (Gargoyle Berserker)             Turns: 17610, Time: 00:26:18

Health: -13/92     AC: 38    Str: 23    XL:     14   Next: 0%
Magic:  11/11      EV: 19    Int:  3    God:    Trog [***...]
Gold:   1022       SH:  4    Dex:  9    Spells: 13/13 levels left

rFire    + . .     SeeInvis .   J - +1 flail (protect)
rCold    . . .     Faith    +   q - +0 buckler
rNeg     + . .     Spirit   .   P - +3 chain mail {rF+}
rPois    ∞         Reflect  .   L - +1 helmet
rElec    +         Harm     .   G - +2 cloak
rCorr    .         Rampage  .   f - +0 pair of gloves
Will     +....                  A - +0 pair of boots
Stlth    ..........             N - amulet of faith
HPRegen  0.25/turn              t - +4 ring of evasion
MPRegen  0.12/turn              r - +4 ring of evasion

@: under a protective aura, on berserk cooldown, flying, studying Dodging
A: sickness immunity, AC +10, big wings, negative energy resistance 1,
electricity resistance, torment resistance 1, petrification resistance, [clumsy
2], [deformed body], [dopey 2], [low mp 2], [screaming 2]
a: Renounce Religion, Berserk, Trog's Hand


You were on level 3 of the Abyss.
You worshipped Trog.
Trog was most pleased with you.
You visited 3 branches of the dungeon, and saw 14 of its levels.
You visited the Abyss 1 time.
You also visited: Volcano.

You collected 1022 gold pieces.

Inventory:

Hand Weapons
 o - the +6 hand axe of Bouxte {spect, Int+4}
   (You found it on level 3 of the Abyss)

   When its wielder attacks, the weapon's spirit leaps out and strikes again.
   The spirit shares a part of any damage it takes with its wielder.
   Int:       It affects your intelligence (+4).
 J - a +1 flail of protection (weapon)
 O - a +2 great mace of flaming
Missiles
 B - 2 throwing nets (quivered)
Armour
 f - a +0 pair of gloves (worn)
 q - a +0 buckler (worn)
 A - a +0 pair of boots (worn)
 G - a +2 cloak (worn)
 I - +0 acid dragon scales
 L - a +1 helmet (worn)
 P - a +3 chain mail of fire resistance (worn)
Jewellery
 i - a ring of protection from fire
 j - a ring of positive energy
 l - a ring of protection from cold
 m - an amulet of the acrobat
 r - a +4 ring of evasion (right hand)
 t - a +4 ring of evasion (left hand)
 v - a +6 ring of intelligence
 N - an amulet of faith (around neck)
Wands
 c - a wand of digging (8)
 y - a wand of iceblast (22)
 C - a wand of flame (15)
Scrolls
 a - a scroll of enchant weapon
 e - 5 scrolls of teleportation
 h - 4 scrolls of enchant armour
 p - a scroll of blinking
 F - 4 scrolls of fog
Potions
 b - 5 potions of flight
 d - a potion of resistance
 g - 3 potions of attraction
 k - 7 potions of curing
 n - 9 potions of heal wounds
 s - 2 potions of might
 D - 2 potions of haste
 M - a potion of mutation


   Skills:
 + Level 12.8 Fighting
 * Level 13.7 Maces & Flails
 + Level 12.5 Armour
 + Level 10.7 Dodging
 - Level 4.0 Shields


You had 13 spell levels left.
You didn't know any spells.
Your spell library was empty.

Dungeon Overview and Level Annotations

Branches:
Dungeon (11/15)            Temple (0/1) D:7            Lair (2/6) D:10
    Orc (1/2) D:10        Volcano (visited)
  Swamp: Lair:2-4    Shoals: Lair:2-4     Snake: Lair:2-4    Spider: Lair:2-4

Altars:
Gozag
Hepliaklqana
Kikubaaqudgha
Uskayaw
Yredelemnul
Zin

Shops:
D:10 [

Annotations:
Lair:2 2 transporters, Cleetus's ghost, journeyman DDFi


Innate Abilities, Weirdness & Mutations

You are immune to sickness and miasma.
Your stone body is resilient. (AC +10)
You are immune to poison.
Your large and strong wings let you fly.
You resist negative energy. (rN+)
You are resistant to electric shocks. (rElec)
You are resistant to unholy torment.
You are immune to petrification.
[You are very clumsy. (Dex -4)]
[Armour fits poorly on your strangely shaped body.]
[You are very dopey. (Int -4)]
[Your magical capacity is very low. (-20% MP)]
[You frequently scream uncontrollably at your foes.]


Message History

The wraith misses you.
The wretched star glows turbulently.
The lance of force misses you.
The lance of force hits the wraith!
The wraith is destroyed!
You closely miss the wretched star.
The wretched star is moderately damaged.
The wretched star glows turbulently.
The lance of force hits you!
You are knocked back by the lance of force.
The wretched star glows turbulently.
The lance of force hits you!!
You are knocked back by the lance of force.
Okay, then.
You fail to use your ability.
You fail to use your ability.
Your ogre goes berserk!
You can no longer call in reinforcements.
You feel yourself speed up.
The wretched star glows turbulently.
The lance of force misses you. The lance of force hits your ogre!!
Your ogre is knocked back by the lance of force.
You thump the wretched star!
Your weapon exudes an aura of protection.
The wretched star is heavily damaged.
Your ogre rages.
The wretched star pulses with an eldritch light!
Your body twists and deforms.
Your ogre twists and deforms.
You closely miss the wretched star.
The wretched star is heavily damaged.
You sock the wretched star!
The wretched star is severely damaged.
The wretched star glows turbulently.
The lance of force hits you!!
* * * LOW HITPOINT WARNING * * *
You are knocked back by the lance of force.
You collide with your ogre!
Your ogre dies!
Your ogre's corpse disappears in a puff of smoke!
You die...

# ...##..##.
##.
......##..###.
# .
............# #
##
............# .
......##..#####
.....##..##..#
.......*.....#
##...........#
#...##@.##..#
... #§.# .. .
..... .
........
.##..##.... ..
#..# .... ..
.... ..# #.
$... ..


You could see a wretched star.

Vanquished Creatures
  Harold (Orc:1)
  7 hydras
  A boulder beetle (D:10)
  Erica (D:9)
  An ogre mage (D:8)
  2 centaur warriors (D:8)
  3 two-headed ogres
  A death yak (D:10)
  A large abomination (Abyss:3)
  6 skeletal warriors
  3 cyclopes
  A mana viper (Abyss:3)
  An apocalypse crab (Abyss:3)
  A black mamba (Lair:2)
  4 cane toads
  2 gargoyles
  A molten gargoyle (Volcano)
  4 komodo dragons
  An unseen horror (D:10)
  2 ancient zymes (Abyss:3)
  An efreet (Volcano)
  Psyche (D:8)
  A queen bee (shapeshifter) (Abyss:3)
  2 trolls (D:10)
  3 polar bears (Lair:1)
  2 shadows (D:9)
  A vampire (D:11)
  A wyvern (Lair:2)
  A spriggan (shapeshifter) (D:8)
  2 fire elementals (Volcano)
  Eustachio (D:5)
  5 fire bats (Volcano)
  13 yaks
  2 steam dragons
  3 vampire mosquitoes
  2 acid dragons
  2 two-headed ogre zombies (D:10)
  A spatial vortex (Abyss:3)
  7 water moccasins
  A black bear (D:5)
  A sky beast (D:7)
  7 orc warriors
  3 ice beasts
  3 ogres
  A hornet zombie (D:8)
  6 wolves (Lair:2)
  7 centaurs
  2 phantoms
  6 kobold brigands
  9 bullfrogs
  2 earth elementals (Volcano)
  A scorpion (D:6)
  A wyvern zombie (D:8)
  A small abomination (Abyss:3)
  A water moccasin zombie (D:5)
  A killer bee (D:8)
  6 wights
  5 electric eels
  5 howler monkeys
  6 lava snakes (Volcano)
  2 centaur zombies
  A gnoll shaman (D:8)
  2 hounds
  2 jellies
  6 orc priests
  A centaur skeleton (D:4)
  11 orc wizards
  8 iguanas
  6 ogre zombies (D:10)
  2 hound skeletons
  3 howler monkey zombies
  9 gnolls
  8 adders
  A white imp (D:5)
  An ufetubus (D:4)
  An adder skeleton (D:2)
  3 worms
  2 dart slugs
  29 orcs
  4 bats (D:3)
  6 endoplasms
  3 giant cockroaches
  11 goblins
  10 hobgoblins
  3 jackals (D:4)
  2 quokkas
  5 ball pythons
  2 goblin skeletons (D:10)
  3 goblin zombies (D:10)
  2 hobgoblin zombies (D:10)
  23 kobolds
  3 orc skeletons (D:10)
  13 orc zombies (D:10)
  3 rats
361 creatures vanquished.

Vanquished Creatures (collateral kills)
  A stone giant (Volcano)
  5 death yaks (D:10)
  A tengu warrior (D:8)
  A skeletal warrior (D:11)
  Joseph (D:9)
  A molten gargoyle (Volcano)
  A gargoyle (D:8)
  A steam dragon (D:8)
  An orc warrior (D:8)
  A necrophage (D:8)
  A centaur (D:8)
  A wight (D:8)
  An orc (D:8)
  A hobgoblin zombie (D:10)
18 creatures vanquished.

Vanquished Creatures (others)
  A wraith (Abyss:3)
  An orc zombie (D:10)
  5 fungi
  19 plants
26 creatures vanquished.

Grand Total: 405 creatures vanquished

Notes
Turn   | Place    | Note
-------+----------+-------------------------------------------
     0 | D:1      | Borgoz the Gargoyle Berserker began the quest for the Orb.
     0 | D:1      | Reached XP level 1. HP: 14/14 MP: 1/1
    31 | D:1      | Found a faded altar of an unknown god.
    84 | D:1      | Reached XP level 2. HP: 18/19 MP: 2/2
   549 | D:1      | Reached XP level 3. HP: 23/23 MP: 3/3
  1209 | D:2      | Reached ** piety under Trog
  1392 | D:1      | Reached XP level 4. HP: 22/29 MP: 4/4
  2119 | D:3      | Reached XP level 5. HP: 23/33 MP: 5/5
  2291 | D:3      | Reached skill level 4 in Maces & Flails
  2650 | D:3      | Reached XP level 6. HP: 39/39 MP: 6/6
  3407 | D:4      | Reached skill level 5 in Fighting
  3632 | D:4      | Reached XP level 7. HP: 43/44 MP: 7/7
  3872 | D:4      | Reached *** piety under Trog
  3933 | D:4      | Reached skill level 1 in Shields
  4337 | D:4      | Reached skill level 5 in Maces & Flails
  4378 | D:4      | Reached skill level 5 in Armour
  4625 | D:5      | Entered Level 5 of the Dungeon
  4642 | D:5      | Noticed Eustachio
  4655 | D:5      | Killed Eustachio
  4656 | D:5      | Reached XP level 8. HP: 51/51 MP: 8/8
  5775 | D:5      | Reached skill level 6 in Maces & Flails
  5789 | D:5      | Found an ancient bone altar of Kikubaaqudgha.
  6221 | D:5      | Reached XP level 9. HP: 56/56 MP: 9/9
  6736 | D:6      | Found an opulent altar of Gozag.
  6736 | D:6      | Found a hide-covered altar of Uskayaw.
  7202 | D:7      | Reached skill level 7 in Maces & Flails
  7203 | D:7      | Reached **** piety under Trog
  7573 | D:7      | Found a staircase to the Ecumenical Temple.
  8313 | D:8      | Reached XP level 10. HP: 58/64 MP: 10/10
  8348 | D:8      | Found a glowing silver altar of Zin.
  8829 | D:8      | Reached skill level 8 in Maces & Flails
  8829 | D:8      | Reached skill level 5 in Dodging
  9033 | D:8      | Noticed an ogre mage
  9047 | D:8      | Paralysed by an ogre mage for 7 turns
  9060 | D:8      | Killed an ogre mage
  9305 | D:8      | Noticed a centaur warrior
  9305 | D:8      | Noticed a gargoyle
  9307 | D:8      | Noticed a gargoyle
  9311 | D:8      | Noticed a centaur warrior
  9323 | D:8      | Killed a centaur warrior
  9767 | D:8      | Noticed Psyche
  9772 | D:8      | Noticed a tengu warrior
  9775 | D:8      | Killed Psyche
  9782 | D:8      | Noticed a cyclops
 10076 | D:8      | Killed a centaur warrior
 10077 | D:8      | Reached skill level 10 in Fighting
 10077 | D:8      | Reached skill level 9 in Maces & Flails
 10077 | D:8      | Reached XP level 11. HP: 72/72 MP: 11/11
 10083 | D:8      | Killed a cyclops
 10199 | D:8      | Killed a tengu warrior
 10200 | D:8      | Reached skill level 10 in Armour
 10569 | D:9      | Noticed a two-headed ogre
 10581 | D:9      | Killed a two-headed ogre
 10610 | D:9      | Noticed Erica
 10639 | D:9      | Killed Erica
 10687 | D:9      | Reached skill level 10 in Maces & Flails
 11282 | D:10     | Entered Level 10 of the Dungeon
 11282 | D:10     | Found a staircase to the Orcish Mines.
 11295 | D:10     | Noticed Joseph
 11602 | D:9      | Killed Joseph
 11937 | D:10     | Reached ***** piety under Trog
 11965 | D:10     | Noticed a boulder beetle
 11967 | D:10     | Found a runed translucent door.
 12257 | D:10     | Noticed a death yak
 12257 | D:10     | Noticed a death yak
 12258 | D:10     | Noticed a death yak
 12260 | D:10     | Noticed a death yak
 12261 | D:10     | Noticed a death yak
 12262 | D:10     | Noticed a death yak
 12266 | D:10     | Killed a death yak
 12267 | D:10     | Reached XP level 12. HP: 79/79 MP: 12/12
 12269 | D:10     | Killed a death yak
 12272 | D:10     | Killed a death yak
 12276 | D:10     | Killed a death yak
 12279 | D:10     | Killed a death yak
 12280 | D:10     | Reached skill level 11 in Maces & Flails
 12283 | D:10     | Killed a death yak
 12429 | D:10     | Found Rodghiega's Armour Shoppe.
 12525 | D:10     | Found a staircase to the Lair.
 12592 | D:10     | Found a basalt altar of Yredelemnul.
 12721 | D:10     | Found a hazy altar of Hepliaklqana.
 12922 | D:10     | HP: 2/80 [komodo dragon (18)]
 13274 | D:10     | Killed a boulder beetle
 13512 | D:11     | Noticed a two-headed ogre
 13514 | D:11     | Noticed a two-headed ogre
 13854 | D:10     | Killed a two-headed ogre
 13860 | D:10     | Killed a two-headed ogre
 13967 | D:10     | HP: 3/80 [skeletal warrior (16)]
 13986 | D:10     | Reached skill level 12 in Maces & Flails
 14023 | Orc:1    | Entered Level 1 of the Orcish Mines
 14023 | Orc:1    | Noticed Harold
 14226 | Orc:1    | Killed Harold
 14357 | D:11     | Reached XP level 13. HP: 32/85 MP: 13/13
 15039 | Lair:1   | Entered Level 1 of the Lair of Beasts
 16171 | Lair:2   | Reached skill level 13 in Maces & Flails
 16191 | Lair:2   | Reached skill level 10 in Dodging
 16330 | Lair:2   | Found a transporter.
 16380 | Lair:2   | Found a dark tunnel.
 16402 | Volcano  | Entered a volcano
 16566 | Volcano  | Found a bloodstained altar of Trog.
 16601 | Volcano  | Noticed a stone giant
 16603 | Volcano  | Killed a stone giant
 16939 | Lair:2   | Found a runed translucent gate.
 16940 | Lair:2   | Found a runed translucent gate.
 16941 | Lair:2   | Found a runed translucent gate.
 16941 | Lair:2   | Noticed Cleetus's ghost (journeyman DDFi)
 17112 | Lair:2   | Found a transporter.
 17372 | Lair:2   | Cast into level 3 of the Abyss (Cleetus's ghost)
 17373 | Abyss:3  | Found a corrupted altar of Lugonu.
 17423 | Abyss:3  | Identified the +6 hand axe of Bouxte {spect, Int+4}
 17585 | Abyss:3  | Gained mutation: Your large and strong wings let you fly.
                  | [Gargoyle growth]
 17585 | Abyss:3  | Reached XP level 14. HP: 92/92 MP: 10/14
 17610 | Abyss:3  | HP: 3/92 [wretched star/lance of force (33)]
 17610 | Abyss:3  | Collided with an ogre

Illustrated notes

Levels and vault maps discovered:
D:1:      nzn_arrival_crosshair, layout_loops_corners,
          shapermc_ecumenical_altar_gd, minmay_tiny_reverse_x
D:2:      layout_loops_ring
D:3:      layout_loops_ring, minmay_liquid_box, chequers_arboretum,
          serial_park_tiny_pond, kennysheep_cluttered_room
D:4:      cheibrodos_thug_alley, layout_cave_pods
D:5:      layout_loops_corners, marbit_many_paths, grunt_ministairs_4,
          uniq_eustachio
D:6:      layout_rooms, gammafunk_temple_overflow_elements, st_stairs_14
D:7:      layout_loops_corners, minmay_temple_entry_waves
D:8:      nzn_winding_woodlands_large [nzn_winding_woodlands_5x5_checkerboard,
          nzn_winding_woodlands_5x15_zeroes,
          nzn_winding_woodlands_5x5_perimeter,
          nzn_winding_woodlands_center_pierced_h,
          nzn_winding_woodlands_15x15_eel_pit,
          nzn_winding_woodlands_center_diamonds,
          nzn_winding_woodlands_5x5_default,
          nzn_winding_woodlands_5x15_pathside_ponds,
          nzn_winding_woodlands_5x5_closed_star], layout_basic,
          general_overflow_altar, uniq_psyche
D:9:      layout_rooms, kennysheep_another_room, uniq_erica
D:10:     layout_cave_pools, mainiacjoe_overflow_alcove_4,
          mainiacjoe_overflow_24_doors, dpeg_lair_monsters, zombieorc2_lemuel,
          minmay_st_funbox, nicolae_inconvenience_store, uniq_joseph
D:11:     layout_basic, nrook_mini_vaults
Lair:1:   layout_hall_layers, serial_bayou, serial_bayou_pond_a,
          serial_bayou_ford_a, serial_bayou_pond_e, serial_bayou_shore_b,
          cheibrodos_lair_lostbears
Lair:2:   gammafunk_cloud_chamber, layout_loops_ring,
          nicolae_volcano_entry_hallway, gammafunk_ghost_hydra_chop,
          grunt_forest_small_clearings, st_stairs_4, infiniplex_staircase_pool
Orc:1:    layout_caves, uniq_harold, uniq_fannar
Abyss:3:  base: D:5, evilmike_abyss_exit_vortex, lemuel_firewalk_3

Skill      XL: |  1  2  3  4  5  6  7  8  9 10 11 12 13 |
---------------+----------------------------------------+-----
Dodging        | 2 3 4 5 7 9 10 | 10.7
Armour         | 3 4 5 6 7 9 10 11 12 | 12.5
Fighting       | 4 5 6 8 10 11 12 | 12.8
Maces & Flails | 4 5 6 7 9 10 12 13 | 13.7
Shields        | 1 3 4 |  4.0

Action                   |  1- 3 |  4- 6 |  7- 9 | 10-12 | 13-15 || total
-------------------------+-------+-------+-------+-------+-------++-------
Melee: Mace              |   103 |   147 |    59 |   804 |       ||  1113
       Whip              |       |     6 |   353 |       |       ||   359
       Flail             |       |       |       |    56 |   519 ||   575
Invok: Berserk           |     1 |     6 |     4 |    23 |     8 ||    42
       Trog's Hand       |       |     1 |       |    10 |     5 ||    16
       Brothers in Arms  |       |       |       |     8 |     2 ||    10
  Use: Scroll            |       |       |       |    13 |    10 ||    23
       Potion            |       |       |       |     5 |       ||     5
Armor: Animal skin       |    22 |       |       |       |       ||    22
       Scale mail        |    16 |    86 |    91 |       |       ||   193
       Plate armour      |       |       |   100 |   394 |       ||   494
       Acid dragon scale |       |       |       |    88 |   117 ||   205
       Chain mail        |       |       |       |       |   103 ||   103
       Ring mail         |       |       |       |       |    30 ||    30
Dodge: Dodged            |    62 |    90 |   264 |   879 |   609 ||  1904
Block: Buckler           |       |     4 |    70 |   271 |   146 ||   491
